 Dungeon Crawl Stone Soup version 0.32-a0-540-g866d13106e (webtiles) character file.

Game seed: 10096280910539691080

173541 grandjackal the Warrior (level 17, -9/153 HPs)
             Began as a Demonspawn Gladiator on Feb 29, 2024.
             Was an Initiate of Gozag.
             Shot with a bolt by a naga sharpshooter (28 damage)
             ... on level 4 of the Snake Pit.
             The game lasted 00:45:17 (31751 turns).

grandjackal the Warrior (Demonspawn Gladiator)     Turns: 31751, Time: 00:45:18

Health: -9/153     AC: 25    Str: 18    XL:     17   Next: 43%
Magic:  17/17      EV: 20    Int:  3    God:    Gozag
Gold:   4489       SH:  8    Dex: 29    Spells: 0/16 levels left

rFire   + . .        T - +10 war axe of Eneqapsuunt {freeze, rF+ rC+ Will+}
rCold   + + .        a - +1 buckler {rN+}
rNeg    + + .        x - +7 scale mail "Esuu" {rC+ rCorr Int-5 Dex+5}
rPois   +            r - +3 crown of Dyrovepreva {rElec Int+2 SInv}
rElec   +            (cloak unavailable)
rCorr   +            A - +2 pair of gloves "Voepsalo" {Will+ Str+2 Dex+3}
SInv    +            p - +0 pair of boots
Will    +++++        n - necklace of Bloodlust {Fury *Rage Will++ Int-3 Slay+6}
Stlth   ++           c - ring "Ediro" {rN+ EV+5 Stlth+}
HPRegen 0.45/turn    Z - ring of poison resistance
MPRegen 0.15/turn

%: random rage (50%)
@: about to teleport, weakened, on berserk cooldown, slowed, studying Alchemy,
very slow
A: yellow scales 2, spiny 2, demonic magic 2, demonic willpower, weakness
stinger 3
a: Renounce Religion, Potion Petition, Call Merchant, Bribe Branch


You were on level 4 of the Snake Pit.
You worshipped Gozag.
Gozag was most pleased with you.
You visited 6 branches of the dungeon, and saw 28 of its levels.
You also visited: Bailey, Gauntlet and Volcano.

You collected 10768 gold pieces.
You spent 6139 gold pieces at shops.
You paid 140 gold pieces to Gozag.

Inventory:

Hand Weapons
 T - the +10 war axe of Eneqapsuunt (weapon) {freeze, rF+ rC+ Will+}
   (You found it on level 11 of the Dungeon)

   rF+:       It protects you from fire.
   rC+:       It protects you from cold.
   Will+:     It increases your willpower.
 X - the +12 broad axe of Himahen {pain, rPois}
   (You bought it in a shop on level 2 of the Orcish Mines)

   rPois:     It protects you from poison
Missiles
 d - 4 throwing nets (quivered)
 e - 12 javelins
 h - 14 silver javelins
Armour
 a - a +1 buckler of positive energy (worn)
 p - a +0 pair of boots (worn)
 r - the +3 crown of Dyrovepreva (worn) {rElec Int+2 SInv}
   (You found it on level 1 of the Snake Pit)

   Int+2:     It affects your intelligence (+2).
   rElec:     It insulates you from electricity.
   SInv:      It lets you see invisible.
 x - the +7 scale mail "Esuu" (worn) {rC+ rCorr Int-5 Dex+5}
   (You bought it in a shop on level 3 of the Snake Pit)

   Int-5:     It affects your intelligence (-5).
   Dex+5:     It affects your dexterity (+5).
   rC+:       It protects you from cold.
   rCorr:     It protects you from acid and corrosion.
 A - the +2 pair of gloves "Voepsalo" (worn) {Will+ Str+2 Dex+3}
   (You found it on level 11 of the Dungeon)

   Str+2:     It affects your strength (+2).
   Dex+3:     It affects your dexterity (+3).
   Will+:     It increases your willpower.
 P - a +3 chain mail of fire resistance
Jewellery
 b - the amulet of Ibefafy {Acrobat rElec Int+6}
   (You found it in a Gauntlet)

   [amulet of the acrobat]

   Acrobat:   It increases your evasion while moving and waiting.
   Int+6:     It affects your intelligence (+6).
   rElec:     It insulates you from electricity.
 c - the ring "Ediro" (left hand) {rN+ EV+5 Stlth+}
   (You bought it in a shop on level 2 of the Orcish Mines)

   [ring of evasion]

   EV+5:      It affects your evasion (+5).
   rN+:       It protects you from negative energy.
   Stlth+:    It makes you more stealthy.
 n - the necklace of Bloodlust (around neck) {Fury *Rage Will++ Int-3 Slay+6}
   (You found it on level 2 of the Dungeon)

   [amulet of nothing]

   Fury:      It extends the wearer's berserk rage when killing foes.
   Int-3:     It affects your intelligence (-3).
   Slay+6:    It affects your accuracy & damage with ranged weapons and melee
   (+6).
   Will++:    It greatly increases your willpower.
   *Rage:     It berserks you when you make melee attacks (+50% chance).
 z - a ring of protection from fire
 F - a ring of see invisible
 G - a ring of willpower
 J - a ring of flight
 Q - a ring of positive energy
 Z - a ring of poison resistance (right hand)
Wands
 t - a wand of light (4)
 E - a wand of polymorph (7)
 I - a wand of paralysis (44)
 M - a wand of mindburst (13)
 V - a wand of flame (44)
 W - a wand of iceblast (13)
 Y - a wand of digging (15)
Scrolls
 f - 8 scrolls of immolation
 m - 2 scrolls of torment
 v - 4 scrolls of teleportation
 y - 8 scrolls of fog
 H - 3 scrolls of poison
 K - 3 scrolls of revelation
 N - 4 scrolls of vulnerability
 O - 2 scrolls of blinking
 S - 4 scrolls of fear
Potions
 g - 2 potions of berserk rage
 i - 2 potions of enlightenment
 k - a potion of resistance {unknown}
 l - 14 potions of curing
 o - 4 potions of lignification
 q - 3 potions of ambrosia
 s - a potion of cancellation {unknown}
 w - 4 potions of mutation
 B - a potion of haste {unknown}
 C - 3 potions of magic
 L - 3 potions of heal wounds
 R - a potion of invisibility
 U - a potion of might {unknown}
Miscellaneous
 j - a lightning rod (4/4)
 u - a phial of floods
 D - a phantom mirror


   Skills:
 + Level 19.2 Fighting
 - Level 4.0 Long Blades
 + Level 14.3 Axes
 - Level 11.0 Throwing
 - Level 6.5 Armour
 - Level 7.0 Dodging
 - Level 4.1 Shields
 + Level 4.0 Necromancy
 - Level 10.3 Translocations
 + Level 6.8 Evocations


You couldn't memorise any spells.
You knew the following spells:

 Your Spells              Type           Power      Damage    Failure   Level
a - Blink                 Tloc           12%        N/A       4%          2
b - Apportation           Tloc           12%        N/A       3%          1
c - Passage of Golubria   Tloc           6%         N/A       30%         4
d - Manifold Assault      Tloc           6%         N/A       30%         4
e - Momentum Strike       Conj/Tloc      6%         3d8       36%         2
f - Fugue of the Fallen   Necr           2%         N/A       77%         3

Your spell library contained the following spells:

 Spells                   Type           Power      Damage    Failure   Level
 Lesser Beckoning         Tloc           12%        N/A       4%          2
 Volatile Blastmotes      Fire/Tloc      6%         2d10      61%         3
 Vampiric Draining        Necr           2%         2d6       77%         3
 Magic Dart               Conj           0%         1d3       91%         1
 Slow                     Hex            0%         N/A       91%         1
 Sting                    Conj/Alch      0%         1d3       91%         1
 Summon Small Mammal      Summ           0%         N/A       91%         1
 Dimensional Bullseye     Hex/Tloc       1%         N/A       95%         4
 Iskenderun's Mystic Bla  Conj/Tloc      3%         2d3       95%         4
 Vhi's Electric Charge    Tloc/Air       6%         N/A       95%         4
 Ensorcelled Hibernation  Hex/Ice        0%         N/A       97%         2
 Jinxbite                 Hex            0%         N/A       97%         2
 Mercury Vapours          Alch/Air       0%         N/A       97%         2
 Searing Ray              Conj           0%         2d4       97%         2
 Dispersal                Tloc           3%         N/A       99%         6
 Call Canine Familiar     Summ           0%         N/A       100%        3
 Confusing Touch          Hex            0%         N/A       100%        3
 Mephitic Cloud           Conj/Alch/Air  0%         N/A       100%        3
 Sigil of Binding         Hex            0%         N/A       100%        3
 Stone Arrow              Conj/Erth      0%         3d7       100%        3
 Summon Ice Beast         Ice/Summ       0%         N/A       100%        3
 Anguish                  Hex/Necr       0%         N/A       100%        4
 Animate Armour           Summ/Erth      0%         N/A       100%        4
 Brom's Barrelling Bould  Conj/Erth      0%         2d3       100%        4
 Fulminant Prism          Conj/Alch      0%         3d5       100%        4
 Leda's Liquefaction      Alch/Erth      0%         N/A       100%        4
 Olgreb's Toxic Radiance  Alch           0%         N/A       100%        4
 Alistair's Intoxication  Alch           0%         N/A       100%        5
 Arcjolt                  Conj/Air       0%         1d10      100%        5
 Fireball                 Conj/Fire      0%         3d3       100%        5
 Freezing Cloud           Conj/Ice/Air   0%         6-21      100%        5
 Irradiate                Conj/Alch      0%         3d11      100%        5
 Iskenderun's Battlesphe  Conj           0%         2d6       100%        5
 Lee's Rapid Deconstruct  Erth           0%         3d4*      100%        5
 Silence                  Hex/Air        0%         N/A       100%        5
 Summon Mana Viper        Hex/Summ       0%         N/A       100%        5
 Bombard                  Conj/Erth      0%         9d1       100%        6
 Conjure Ball Lightning   Conj/Air       0%         3x3d6     100%        6
 Plasma Beam              Fire/Air       0%         2x1d10    100%        6
 Monstrous Menagerie      Summ           0%         N/A       100%        7
 Orb of Destruction       Conj           0%         9d5       100%        7
 Ozocubu's Refrigeration  Ice            0%         4d7       100%        7
 Discord                  Hex            0%         N/A       100%        8
 Disjunction              Tloc           3%         N/A       100%        8
 Lehudib's Crystal Spear  Conj/Erth      0%         10d2      100%        8


Dungeon Overview and Level Annotations

Branches:
Dungeon (15/15)            Temple (1/1) D:6            Lair (5/5) D:9
  Swamp (0/4) Lair:2        Snake (4/4) Lair:3        Slime (0/5) Lair:4
    Orc (2/2) D:9             Elf (1/3) Orc:2        Vaults (0/5) D:14
 Depths (0/4) D:15         Bailey (visited)         Volcano (visited)
Gauntlet (visited)

Altars:
Ashenzari
Cheibriados
Dithmenos
Fedhas
Gozag
Hepliaklqana
Kikubaaqudgha
Makhleb
Nemelex Xobeh
Okawaru
Qazlal
Ru
Sif Muna
Trog
Uskayaw
Vehumet
Wu Jian
Xom
Yredelemnul
Beogh
Jiyva

Shops:
D:15 (   Orc:1 [   Orc:2 [=((*   Snake:1 *   Snake:3 [[:[

Portals:
Abyss: D:9

Annotations:
D:5 2 transporters, lunkers's ghost, novice CoGl
D:9 2 transporters, Lhightning's ghost, novice MDMo
Lair:2 2 transporters, Gangsterbeez's ghost, journeyman MiFi


Innate Abilities, Weirdness & Mutations

You are mostly covered in yellow scales. (AC +3)
You are mostly covered in sharp spines.
Spells you cast may paralyse nearby enemies.
You punish those that try to bend your will. (Will+)
You have a sharp stinger which inflicts weakening toxins.


Message History

You tail-slap the naga sharpshooter, but do no damage.
The naga sharpshooter is lightly wounded.
You hit the naga warrior. You freeze the naga warrior.
The naga sharpshooter spits poison at you.
The splash of poison misses you.
The naga warrior is distracted by your dazzling golden aura.
The naga sharpshooter gestures wildly while chanting.
The naga sharpshooter magically shoots a bolt.
The bolt completely misses you.
The naga warrior shouts!
You hit the naga sharpshooter. You freeze the naga sharpshooter.
The naga sharpshooter is moderately wounded.
You slash the naga warrior! You freeze the naga warrior.
The naga warrior is no longer distracted by gold.
The naga warrior hits you but does no damage.
The naga sharpshooter casts a spell.
The naga sharpshooter magically shoots a bolt.
The bolt misses you.
You barely miss the naga sharpshooter.
The naga sharpshooter is moderately wounded.
You barely miss the naga warrior.
The naga warrior hits you with a +0 dire flail.
* * * LOW HITPOINT WARNING * * *
The naga sharpshooter shoots a bolt.
The bolt hits you!
* * * LOW HITPOINT WARNING * * *
You feel much better. You block the naga warrior's attack.
The naga sharpshooter shoots a bolt.
The bolt hits you.
* * * LOW HITPOINT WARNING * * *
The naga warrior is struck by your spines.
The naga warrior hits you but does no damage.
The naga sharpshooter spits poison at you.
You block the splash of poison.
As you read the scroll of teleportation, it crumbles to dust.
You feel strangely unstable. The naga warrior spits poison at you.
The splash of poison hits you. You resist.
* * * LOW HITPOINT WARNING * * *
The naga sharpshooter shoots a bolt.
The bolt hits you!!
You die...
Your body crumbles into a pile of gold.

.......##..§§§##
........##.§§§≈###
.........##...≈≈≈#######
..........##.$$≈≈§≈§≈§§≈
<..........##$$≈§≈≈≈≈§§§
............#$$$..≈≈≈§≈≈
............#......§≈§≈§
............#.......§≈..
..####......#...@...§≈..
..# ###....#..$NN.≈§≈≈§
..# #..).####'#≈≈≈§≈≈
...# #.....# ...≈§≈≈§≈
...#####...).##...≈≈§≈§§
..........))..##...§§§≈.
(...........##.......
.............##......
..............#


You could see a naga warrior (catching breath) and a naga sharpshooter (strong,
catching breath).

Vanquished Creatures
  Vashnia (Snake:3)
  Nikola (Snake:1)
  Rupert (D:14)
  Jorgrun (Orc:1)
  Kirke (Snake:1)
  Gastronok (Orc:1)
  Agnes (D:14)
  Aizul (Snake:1)
  3 nagarajas
  An orc warlord (Orc:2)
  A stone giant (Volcano)
  A dire elephant (Lair:5)
  A minotaur (Gauntlet)
  Azrael (D:14)
  A fire dragon (Lair:5)
  A yaktaur captain (D:14)
  A rakshasa (D:15)
  5 salamander tyrants
  2 ogre magi
  6 hydras
  5 anacondas
  2 death knights
  2 catoblepae
  6 centaur warriors
  7 two-headed ogres
  13 death yaks
  A boulder beetle (D:12)
  A tengu warrior (D:11)
  3 shock serpents
  8 naga warriors
  An orc high priest (Orc:2)
  Urug (Lair:1)
  8 naga sharpshooters
  2 occultists (D:15)
  Sonja (Lair:4)
  A skyshark (Lair:4)
  9 skeletal warriors
  2 salamander mystics
  2 sea snakes (Snake:3)
  9 mana vipers
  5 orc knights
  6 naga ritualists
  6 lindwurms
  3 deep elf pyromancers
  4 deep elf zephyrmancers
  4 orc sorcerers
  2 large abominations (Gauntlet)
  A wolf spider (D:11)
  6 ugly things
  A necromancer (D:15)
  8 salamanders
  6 manticores
  A shining eye (Gauntlet)
  2 cyclopes
  10 elephants
  3 meliai (D:15)
  A centaur zombie (D:15)
  11 naga magi
  A kobold blastminer (Orc:2)
  A molten gargoyle (Volcano)
  A guardian serpent (Snake:2)
  34 black mambas
  4 torpor snails (Lair:5)
  A centaur skeleton (D:15)
  19 cane toads
  2 unseen horrors
  4 gargoyles
  2 efreet
  A kobold demonologist (D:12)
  2 rime drakes (Lair:5)
  Maggie (Lair:2)
  3 yaktaurs
  Jeremiah (D:8)
  9 komodo dragons
  2 tengu conjurers (D:15)
  8 trolls
  10 hornets
  4 polar bears
  4 tyrant leeches
  A wolf spider simulacrum (D:15)
  A harpy skeleton (D:15)
  A glass eye (Gauntlet)
  5 blink frogs
  14 dream sheep
  2 centaur simulacra (D:15)
  10 slime creatures (D:12)
  A shadow (D:13)
  64 yaks
  A wyvern (Lair:5)
  7 basilisks
  4 fire elementals
  4 fire bats (Volcano)
  Grum (D:8)
  5 wraiths
  A vampire (D:14)
  A human (D:13)
  3 wargs
  Eustachio (D:6)
  6 hogs
  A golden eye (Gauntlet)
  10 vampire mosquitoes
  A swamp worm (Lair:2)
  31 nagas
  3 small abominations (Gauntlet)
  2 acid dragons
  10 water moccasins
  3 hell hounds (D:14)
  Duvessa (D:5)
  2 laughing skulls (D:14)
  A sky beast (D:7)
  2 black bears (D:6)
  2 ice beasts
  28 orc warriors
  A black bear (shapeshifter) (D:15)
  6 ogres
  4 boggarts (D:14)
  7 centaurs
  17 wolves
  6 kobold brigands
  10 bullfrogs
  3 gnoll sergeants (D:9)
  2 earth elementals (Volcano)
  3 scorpions
  5 wights (D:7)
  Dowan (D:5)
  6 howler monkeys
  2 electric eels
  3 bombardier beetles
  4 lava snakes (Volcano)
  8 hounds
  3 jellies
  25 orc priests
  5 iguanas
  32 orc wizards
  2 sleepcaps (D:7)
  4 hell rats (Lair:5)
  16 gnolls
  11 adders
  A shadow imp (D:7)
  A white imp (D:6)
  An ufetubus (D:6)
  2 dart slugs
  79 orcs
  5 bats
  5 endoplasms
  A giant cockroach (D:2)
  13 goblins
  5 hobgoblins
  12 kobolds
  A quokka (D:3)
  4 ball pythons
  6 frilled lizards
  4 rats
866 creatures vanquished.

Vanquished Creatures (collateral kills)
  An orc (Orc:2)
1 creature vanquished.

Vanquished Creatures (others)
  An anaconda (Snake:1)
  A salamander mystic (Snake:1)
  A naga mage (Snake:1)
  A kobold blastminer (Orc:2)
  A human (Snake:1)
  A hog (Snake:1)
  A naga (Snake:1)
  2 orcs (D:14)
9 creatures vanquished.

Grand Total: 876 creatures vanquished

Notes
Turn   | Place    | Note
-------+----------+-------------------------------------------
     0 | D:1      | grandjackal the Demonspawn Gladiator began the quest for
                  | the Orb.
     0 | D:1      | Reached XP level 1. HP: 16/16 MP: 1/1
   124 | D:1      | Gained mutation: Spells you cast may paralyse adjacent
                  | enemies. [demonic ancestry]
   124 | D:1      | Reached XP level 2. HP: 22/22 MP: 2/2
   732 | D:2      | Found the necklace of Bloodlust {Fury *Rage Will++ Int-3
                  | Slay+6}
   749 | D:2      | Reached XP level 3. HP: 22/28 MP: 3/3
  1019 | D:2      | Found a faded altar of an unknown god.
  1061 | D:2      | Reached skill level 3 in Fighting
  1726 | D:3      | Found a bloodstained altar of Trog.
  1815 | D:3      | Gained mutation: Spells you cast may paralyse nearby
                  | enemies. [demonic ancestry]
  1815 | D:3      | Reached XP level 4. HP: 35/35 MP: 4/4
  1943 | D:3      | Learned a level 2 spell: Blink
  2172 | D:3      | Learned a level 1 spell: Apportation
  2791 | D:4      | Reached skill level 1 in Translocations
  2795 | D:4      | Gained mutation: You are partially covered in sharp spines.
                  | [demonic ancestry]
  2795 | D:4      | Reached XP level 5. HP: 41/41 MP: 5/5
  3210 | D:5      | Entered Level 5 of the Dungeon
  3269 | D:5      | Reached skill level 4 in Fighting
  3269 | D:5      | Reached skill level 1 in Armour
  3327 | D:5      | Found a radiant altar of Vehumet.
  3400 | D:5      | Gained mutation: You have a small tail. [demonic ancestry]
  3400 | D:5      | Reached XP level 6. HP: 31/48 MP: 6/6
  3680 | D:5      | Noticed Duvessa
  3681 | D:5      | Noticed Dowan
  3686 | D:5      | Killed Duvessa
  3688 | D:5      | Killed Dowan
  3799 | D:5      | Gained mutation: You are mostly covered in sharp spines.
                  | [demonic ancestry]
  3799 | D:5      | Reached XP level 7. HP: 55/55 MP: 7/7
  3974 | D:5      | Found a transporter.
  3978 | D:5      | Noticed lunkers's ghost (novice CoGl)
  4305 | D:5      | Found a transporter.
  4817 | D:6      | Noticed Eustachio
  4823 | D:6      | Killed Eustachio
  4824 | D:6      | Reached skill level 5 in Fighting
  4928 | D:6      | Gained mutation: You are partially covered in yellow
                  | scales. (AC +2) [demonic ancestry]
  4928 | D:6      | Reached XP level 8. HP: 64/64 MP: 8/8
  4933 | D:6      | Reached skill level 6 in Fighting
  5238 | D:6      | Found a staircase to the Ecumenical Temple.
  5263 | Temple   | Entered the Ecumenical Temple
  5367 | Temple   | Became a worshipper of Gozag Ym Sagoz the Greedy
  5624 | D:6      | You fall into a shaft and drop 1 floor!
  5681 | D:7      | Found a hazy altar of Hepliaklqana.
  5698 | D:7      | Reached skill level 5 in Translocations
  5721 | D:7      | Reached skill level 5 in Armour
  5791 | D:7      | Reached skill level 7 in Fighting
  5886 | D:7      | Reached XP level 9. HP: 42/72 MP: 9/9
  6143 | D:7      | Found a flagged portal.
  6148 | Bailey   | Entered a bailey
  6245 | Bailey   | Found a large runed translucent door.
  6245 | Bailey   | Found a large runed translucent door.
  6246 | Bailey   | Noticed a deep elf zephyrmancer
  6247 | Bailey   | Noticed an orc knight
  6252 | Bailey   | Reached skill level 8 in Fighting
  6578 | Bailey   | Killed an orc knight
  6703 | Bailey   | Killed a deep elf zephyrmancer
  6704 | Bailey   | Reached XP level 10. HP: 82/82 MP: 10/10
  6740 | Bailey   | Identified the +6 dagger "Veba" {flame, rN+ Int+3}
  6742 | Bailey   | Identified the +1 buckler of Fojyuxte {+Blink Int+2 Stlth+}
  7281 | D:8      | Noticed Jeremiah
  7290 | D:8      | Killed Jeremiah
  7291 | D:8      | Reached skill level 9 in Fighting
  7291 | D:8      | Reached skill level 1 in Shields
  7354 | D:8      | Noticed Grum
  7359 | D:8      | Killed Grum
  7570 | D:8      | Found a hide-covered altar of Uskayaw.
  7707 | D:8      | Found an iron altar of Okawaru.
  7969 | D:9      | Noticed a toenail golem
  7973 | D:9      | Found a transporter.
  7979 | D:9      | Noticed an occultist
  7983 | D:9      | Found a one-way gate to the infinite horrors of the Abyss.
  7983 | D:9      | Noticed Lhightning's ghost (novice MDMo)
  8274 | D:9      | Found a staircase to the Lair.
  8296 | D:9      | Found a staircase to the Orcish Mines.
  8301 | D:9      | Reached skill level 10 in Fighting
  8714 | D:9      | Found a transporter.
  8811 | D:9      | Gained mutation: You have a tail ending in a sharp stinger.
                  | [demonic ancestry]
  8811 | D:9      | Reached XP level 11. HP: 91/91 MP: 11/11
  8895 | D:10     | Entered Level 10 of the Dungeon
  8974 | D:10     | Found an ornate altar of the Wu Jian Council.
  9013 | D:10     | Found a burning altar of Makhleb.
  9710 | D:11     | Noticed a two-headed ogre
  9711 | D:11     | Noticed a two-headed ogre
  9721 | D:11     | Killed a two-headed ogre
  9722 | D:11     | Reached skill level 5 in Dodging
  9723 | D:11     | Killed a two-headed ogre
  9896 | D:11     | Identified the +2 pair of gloves "Voepsalo" {Will+ Str+2
                  | Dex+3}
 10251 | D:11     | Reached skill level 11 in Fighting
 10487 | D:11     | Noticed an orc knight
 10487 | D:11     | Noticed a skeletal warrior
 10488 | D:11     | Noticed a six-headed hydra
 10488 | D:11     | Noticed a tengu warrior
 10488 | D:11     | Noticed an ogre mage
 10489 | D:11     | Noticed a deep elf pyromancer
 10489 | D:11     | Noticed a death knight
 10510 | D:11     | Killed a skeletal warrior
 10514 | D:11     | Killed an orc knight
 10522 | D:11     | Killed a six-headed hydra
 10733 | D:11     | Reached skill level 10 in Translocations
 10857 | D:11     | Killed an ogre mage
 10914 | D:11     | Killed a deep elf pyromancer
 10957 | D:11     | Found a runed translucent door.
 10958 | D:11     | Noticed a cyan ugly thing
 10958 | D:11     | Noticed a wolf spider
 10959 | D:11     | Identified the +10 war axe of Eneqapsuunt {freeze, rF+ rC+
                  | Will+}
 10960 | D:11     | Found a runed translucent door.
 10966 | D:11     | Killed a tengu warrior
 10967 | D:11     | Reached XP level 12. HP: 101/101 MP: 12/12
 10972 | D:11     | Killed a death knight
 11047 | D:11     | Reached skill level 1 in Axes
 11050 | D:11     | Reached skill level 12 in Fighting
 11340 | D:12     | Noticed a boulder beetle
 11354 | D:12     | Killed a boulder beetle
 11730 | D:12     | Noticed a centaur warrior
 11738 | D:12     | Killed a centaur warrior
 11972 | D:12     | Found a sacrificial altar of Ru.
 12005 | D:12     | Reached skill level 13 in Fighting
 12208 | D:12     | Reached skill level 5 in Axes
 12407 | Lair:1   | Entered Level 1 of the Lair of Beasts
 12668 | Lair:1   | Found a dark tunnel.
 12679 | Volcano  | Entered a volcano
 12905 | Volcano  | Noticed a stone giant
 12917 | Volcano  | Killed a stone giant
 12918 | Volcano  | Gained mutation: You are mostly covered in yellow scales.
                  | (AC +3) [demonic ancestry]
 12918 | Volcano  | Reached XP level 13. HP: 112/112 MP: 13/13
 12961 | Volcano  | Found a bloodstained altar of Trog.
 12987 | Volcano  | Found a radiant altar of Vehumet.
 13143 | Lair:1   | Reached skill level 14 in Fighting
 13414 | Lair:1   | Found a radiant altar of Vehumet.
 13741 | Lair:1   | Noticed Urug
 13749 | Lair:1   | Killed Urug
 14004 | Lair:2   | Found a transporter.
 14283 | Lair:2   | Noticed Maggie
 14298 | Lair:2   | Killed Maggie
 15083 | Lair:2   | Found a transporter.
 15084 | Lair:2   | Noticed Gangsterbeez's ghost (journeyman MiFi)
 15220 | Lair:2   | Found a staircase to the Swamp.
 15483 | Lair:3   | Reached skill level 15 in Fighting
 15558 | Lair:3   | Reached skill level 5 in Throwing
 15574 | Lair:3   | Found a gate leading to a gauntlet.
 15583 | Gauntlet | Entered a Gauntlet
 15583 | Gauntlet | Found a transporter.
 15583 | Gauntlet | Found a transporter.
 15583 | Gauntlet | Found a transporter.
 15585 | Gauntlet | Found a transporter.
 15585 | Gauntlet | Found a transporter.
 15588 | Gauntlet | Found a transporter.
 15599 | Gauntlet | Found a transporter.
 15601 | Gauntlet | Found a transporter.
 15602 | Gauntlet | Found a transporter.
 15604 | Gauntlet | Found a transporter.
 15616 | Gauntlet | Found a runed translucent gate.
 15618 | Gauntlet | Found a transporter.
 15618 | Gauntlet | Found a transporter.
 15619 | Gauntlet | Found a runed translucent gate.
 15620 | Gauntlet | Found a runed translucent gate.
 15626 | Gauntlet | Noticed a minotaur
 15806 | Gauntlet | Identified the amulet of Ibefafy {Acrobat rElec Int+6}
 15848 | Gauntlet | Killed a minotaur
 15849 | Gauntlet | Reached XP level 14. HP: 123/123 MP: 14/14
 15877 | Gauntlet | Got the Compilation of the Syndicated Cucurbite
 16879 | Lair:3   | Found a staircase to the Snake Pit.
 17507 | Lair:4   | Found a staircase to the Slime Pits.
 17507 | Lair:4   | Found a viscous altar of Jiyva.
 17512 | Lair:4   | Noticed Sonja
 17516 | Lair:4   | Killed Sonja
 18363 | Lair:5   | Entered Level 5 of the Lair of Beasts
 18433 | Lair:5   | Reached skill level 10 in Axes
 18942 | Lair:5   | Reached skill level 16 in Fighting
 20009 | Lair:5   | Reached XP level 15. HP: 106/132 MP: 15/15
 21190 | Orc:1    | Entered Level 1 of the Orcish Mines
 21190 | Orc:1    | Found Volaew's Armour Emporium.
 21281 | Orc:1    | Bought a +3 chain mail of fire resistance for 477 gold
                  | pieces
 21294 | Orc:1    | Bought a +1 buckler of positive energy for 243 gold pieces
 21356 | Orc:1    | Noticed Jorgrun
 21363 | Orc:1    | Killed Jorgrun
 21592 | Orc:2    | Entered Level 2 of the Orcish Mines
 21598 | Orc:2    | Found Wosaus's Weapon Boutique.
 21663 | Orc:1    | Noticed Gastronok
 21724 | Orc:1    | Killed Gastronok
 22050 | Orc:2    | Reached skill level 17 in Fighting
 22068 | Orc:2    | Found a roughly hewn altar of Beogh.
 22071 | Orc:2    | Found Fuafoam's Antique Armour Shoppe.
 22142 | Orc:2    | Bought a bloodstained plate armour for 784 gold pieces
 22142 | Orc:2    | Identified the +0 plate armour of the Little Devil {Str+2}
                  | (You bought it in a shop on level 2 of the Orcish Mines)
 22150 | Orc:2    | Found a staircase to the Elven Halls.
 22194 | Orc:2    | Found Zutarch's General Store.
 22200 | Orc:2    | Bought a potion of invisibility for 112 gold pieces
 22200 | Orc:2    | Bought a +0 pair of gloves of hurling for 161 gold pieces
 22513 | Orc:2    | Found Xapaun's Antique Weapon Shoppe.
 22519 | Orc:2    | Bought a bloodstained broad axe for 216 gold pieces
 22519 | Orc:2    | Identified the +12 broad axe of Himahen {pain, rPois} (You
                  | bought it in a shop on level 2 of the Orcish Mines)
 22535 | Orc:2    | Found Izobeos's Jewellery Shoppe.
 22543 | Orc:2    | Bought the ring "Ediro" {rN+ EV+5 Stlth+} for 700 gold
                  | pieces
 23684 | D:14     | Found an ancient bone altar of Kikubaaqudgha.
 23691 | D:14     | Noticed Rupert
 23700 | D:14     | Killed Rupert
 23903 | D:14     | Noticed Azrael
 23914 | D:14     | Killed Azrael
 24239 | D:14     | Found a gate to the Vaults.
 24242 | D:14     | Reached skill level 10 in Throwing
 24602 | D:14     | Found a shadowy altar of Dithmenos.
 24603 | D:14     | Noticed Agnes
 24609 | D:14     | Killed Agnes
 24827 | D:15     | Entered Level 15 of the Dungeon
 25308 | D:15     | Gained mutation: You punish those that try to bend your
                  | will. (Will+) [demonic ancestry]
 25308 | D:15     | Reached XP level 16. HP: 143/143 MP: 16/16
 25462 | D:15     | Identified the +9 orcbow of the Blue Skies {flame, rPois}
 25828 | D:15     | Found a staircase to the Depths.
 26051 | D:15     | Found Dycwarr's Firing Range.
 26335 | Elf:1    | Entered Level 1 of the Elven Halls
 26356 | Elf:1    | Reached skill level 18 in Fighting
 26552 | Snake:1  | Entered Level 1 of the Snake Pit
 26630 | Snake:1  | Identified the serpent talisman of the Red Skies {Str-2
                  | Dex-5 Slay+5 SInv}
 26630 | Snake:1  | Noticed Aizul
 26640 | Snake:1  | Killed Aizul
 26761 | Snake:1  | Found Zeeck's Gadget Gallery.
 26837 | Snake:1  | Bought a wand of digging (6) for 277 gold pieces
 26837 | Snake:1  | Bought a wand of paralysis (3) for 79 gold pieces
 26842 | Snake:1  | Learned a level 4 spell: Passage of Golubria
 26847 | Snake:1  | Learned a level 4 spell: Manifold Assault
 26850 | Snake:1  | Learned a level 2 spell: Momentum Strike
 26858 | Snake:1  | Noticed Nikola
 26867 | Snake:1  | Noticed Kirke
 26873 | Snake:1  | Killed Nikola
 26874 | Snake:1  | Reached skill level 1 in Evocations
 27212 | Snake:1  | Killed Kirke
 27655 | Snake:1  | Found a transporter.
 27657 | Snake:1  | Found the +3 crown of Dyrovepreva {rElec Int+2 SInv}
 27664 | Snake:1  | Found a radiant altar of Vehumet.
 28176 | Snake:1  | Found a transporter.
 28766 | Snake:2  | Reached skill level 5 in Evocations
 29337 | Snake:2  | Gained mutation: You have a sharp stinger which inflicts
                  | weakening toxins. [demonic ancestry]
 29337 | Snake:2  | Reached XP level 17. HP: 151/151 MP: 17/17
 29779 | Snake:3  | Learned a level 3 spell: Fugue of the Fallen
 29853 | Snake:3  | Identified the +1 spear of Ebel {pain, rF+ Int+3 Dex+2}
 29856 | Snake:3  | Found Otopsa's Book Emporium.
 29859 | Snake:3  | Found Reru's Antique Armour Emporium.
 29859 | Snake:3  | Found Texuit's Antique Armour Shoppe.
 29905 | Snake:3  | Found Fucuekhli's Armour Shoppe.
 29925 | Snake:3  | Bought a brightly glowing scale mail for 270 gold pieces
 29925 | Snake:3  | Identified the +0 scale mail "Ebufay" {Stlth+} (You bought
                  | it in a shop on level 3 of the Snake Pit)
 29925 | Snake:3  | Bought slimy shadow dragon scales for 2550 gold pieces
 29925 | Snake:3  | Identified the +0 shadow dragon scales of Perfidy {Dex+2
                  | Stlth++++} (You bought it in a shop on level 3 of the Snake
                  | Pit)
 29925 | Snake:3  | Bought a crude scale mail for 270 gold pieces
 29925 | Snake:3  | Identified the +7 scale mail "Esuu" {rC+ rCorr Int-5 Dex+5}
                  | (You bought it in a shop on level 3 of the Snake Pit)
 30003 | Snake:3  | Reached skill level 1 in Necromancy
 30503 | Snake:3  | Found Xoluifol's Self-Improvement Boutique.
 30575 | Snake:3  | Got the Cyclopedia of Kinetic Spagyria
 30668 | Snake:3  | Noticed Vashnia
 30676 | Snake:3  | Reached skill level 19 in Fighting
 30865 | Snake:3  | Killed Vashnia
 31312 | Snake:4  | Entered Level 4 of the Snake Pit
 31749 | Snake:4  | HP: 6/153 [naga sharpshooter/bolt (17)]
 31751 | Snake:4  | Shot with a bolt by a naga sharpshooter

Illustrated notes

Levels and vault maps discovered:
D:1:      minmay_arrival_doors, layout_loops_ring
D:2:      layout_loops_ring, ebering_ecumenical_altar_sacrificial
D:3:      layout_basic, mainiacjoe_overflow_alcove_1
D:4:      layout_rooms, zin_statuary
D:5:      layout_layer_cave, kennysheep_little_box, gammafunk_ghost_stat_death,
          cheibrodos_gnoll_hut, uniq_duvessa
D:6:      layout_basic, minmay_temple_entry_stoned_glass, minmay_circle_x,
          uniq_eustachio
D:7:      layout_rooms, nicolae_hepliaklqana_hazy_memory, enter_bailey_3,
          serial_curves, eino_curves_04, eino_curves_04, lightli_minifort
D:8:      layout_rooms, amcnicky_altar_gilded,
          mainiacjoe_overflow_small_starburst, uniq_grum, uniq_jeremiah
D:9:      layout_gridville, erik_lair_island,
          kennysheep_orc_monster_closet_entryway, gammafunk_ghost_abyssal_escape
D:10:     layout_basic, mainiacjoe_overflow_alcove_4,
          mainiacjoe_overflow_catwalk
D:11:     minmay_the_grid_triangle_9x9_recursive_2_mashed
          [minmay_the_grid_triangle_9x9_prize_insulated,
          minmay_the_grid_triangle_9x9_flanged_cone,
          minmay_the_grid_triangle_9x9_tough_junction,
          minmay_the_grid_triangle_9x9_intruding_spiral], layout_small_grid
D:12:     layout_gridville, nicolae_ru_sacrificial_ziggurat
D:13:     layout_big_octagon, grunt_livestock
D:14:     layout_long_grid, david_vaults_2, kiku_gazebo_garden_becter,
          nicolae_dithmenos_shadow_blocks, uniq_agnes, uniq_azrael, uniq_rupert
D:15:     grunt_enter_depths_magical_seal, layout_irregular_city,
          nrook_mini_vaults, nicolae_shop_firing_range
Temple:   nicolae_temple_superstar
Lair:1:   layout_regular_city, enter_volcano_2, lemuel_centaur_altar, uniq_urug
Lair:2:   layout_loops_ring, minmay_swamp_entry_worms,
          gammafunk_ghost_berserking_beasts, serial_bayou_shore_a,
          grunt_megastairs_1, lemuel_fruit_tree, uniq_maggie
Lair:3:   layout_layer_cave, alex1729_snake_entry_snake, gauntlet_entry_generic
Lair:4:   layout_cave_pods, slime_entry_1, eino_small_chamber_without_monster,
          uniq_sonja
Lair:5:   hangedman_lair_in_review, layout_small_grid, wormcave,
          serial_bayou_shore_b
Snake:1:  gammafunk_sealed_library, layout_gridlike, nicolae_shop_gadgets,
          uniq_aizul, uniq_nikola, uniq_kirke
Snake:2:  layout_grid_shapes
Snake:3:  layout_onion, nicolae_snake_gridmaze_spiral, nicolae_shop_self_help,
          minmay_shoptagon, serial_bayou_shore_b, uniq_vashnia
Snake:4:  snake_pit_salamanders_mu, layout_cave_town, serial_shops,
          nicolae_shop_trees, nicolae_shop_advertising_works
          [nicolae_subvault_shop_adworks]
Orc:1:    layout_caves, serial_shops, shop, uniq_gastronok, uniq_jorgrun
Orc:2:    grunt_orc_cross, layout_caves, serial_shops, shop,
          nicolae_orc_quarried_blocks
Elf:1:    eino_elf_arrival_customs, layout_gridlike, basic_altar,
          nicolae_elf_blasts_and_bolts, roderic_lattice_octagonal_star,
          uniq_norris

Skill      XL: |  1  2  3  4  5  6  7  8  9 10 11 12 13 14 15 16 17 |
---------------+----------------------------------------------------+-----
Throwing       | 2 5 8 10 11 | 11.0
Long Blades    | 3 4 |  4.0
Dodging        | 3 4 6 7 |  7.0
Fighting       | 3 4 5 7 8 10 11 13 15 16 17 18 19 | 19.2
Translocations | 1 2 3 4 5 7 8 10 | 10.3
Armour         | 1 2 3 5 6 |  6.5
Shields        | 4 |  4.1
Axes           | 6 9 10 12 13 14 | 14.3
Evocations     | 5 6 |  6.8
Necromancy     | 4 |  4.0

Action                     |  1- 3 |  4- 6 |  7- 9 | 10-12 | 13-15 | 16-18 || total
---------------------------+-------+-------+-------+-------+-------+-------++-------
  Melee: Long sword        |    90 |    88 |    64 |       |       |       ||   242
         Tailslap          |       |     2 |    21 |    65 |   139 |    83 ||   310
         Scimitar          |       |       |    86 |       |    11 |       ||    97
         Dagger            |       |       |       |   228 |       |       ||   228
         War axe           |       |       |       |   118 |   709 |   411 ||  1238
  Evoke: Wand              |       |       |     9 |     2 |       |       ||    11
         Phantom mirror    |       |       |       |       |     1 |       ||     1
    Use: Scroll            |       |       |    10 |     3 |    20 |     4 ||    37
         Potion            |       |       |       |       |     1 |     1 ||     2
   Stab: Distracted        |       |       |       |       |    11 |     1 ||    12
 Armour: Leather armour    |    12 |       |       |       |       |       ||    12
         Ring mail         |    33 |    39 |   106 |       |       |       ||   178
         Scale mail        |       |       |     3 |   145 |   280 |    74 ||   502
         Chain mail        |       |       |       |       |   158 |   155 ||   313
  Dodge: Dodged            |    52 |    47 |   146 |   197 |   438 |   216 ||  1096
  Block: Buckler           |       |       |       |    84 |   229 |   121 ||   434

Table legend: (Time is in decaauts)
 A = Elapsed time spent in this place.
 B = Non-inter-level travel time spent in this place.
 C = Inter-level travel time spent in this place.
 D = Time resting spent in this place.
 E = Time spent auto-exploring this place.
 F = Levels seen in this place.
 G = Mean time per level.
                   A        B        C        D        E       F      G
               +--------+--------+--------+--------+--------+-----+--------+
         Total |  33871 |  32505 |   1366 |  11932 |  13995 |  31 | 1092.6 |
       Dungeon |  16266 |  15472 |    794 |   5426 |   7315 |  15 | 1084.4 |
        Temple |    129 |    104 |     25 |      0 |      0 |   1 |  129.0 |
          Lair |   8811 |   8532 |    279 |   3242 |   3762 |   5 | 1762.2 |
     Snake Pit |   5446 |   5316 |    130 |   2321 |   2031 |   4 | 1361.5 |
  Orcish Mines |   1696 |   1567 |    129 |    330 |    837 |   2 |  848.0 |
   Elven Halls |     55 |     49 |      6 |     16 |      8 |   1 |   55.0 |
        Bailey |    716 |    716 |      0 |    357 |     23 |   1 |  716.0 |
       Volcano |    411 |    411 |      0 |    126 |     18 |   1 |  411.0 |
      Gauntlet |    337 |    337 |      0 |    111 |      0 |   1 |  337.0 |
               +--------+--------+--------+--------+--------+-----+--------+

Top non-repeatable levels by time:
  Lair:5: 2911 daAuts
 Snake:1: 2067 daAuts
    D:11: 1817 daAuts
  Lair:3: 1709 daAuts
 Snake:3: 1669 daAuts
     D:5: 1645 daAuts
    D:14: 1620 daAuts
  Lair:2: 1582 daAuts
    D:15: 1395 daAuts
  Lair:1: 1369 daAuts
     D:9: 1267 daAuts
    D:12: 1266 daAuts
 Snake:2: 1262 daAuts
  Lair:4: 1237 daAuts
     D:3: 1202 daAuts
